 Dungeon Crawl Stone Soup version 0.30-a0-168-g0b976cbdc4 (webtiles) character file.

Game seed: 13407106179231173603

830 qw the Chopper (level 7, -2/44 HPs)
             Began as a Gargoyle Fighter on Sept 29, 2022.
             Killed from afar by Dowan (16 damage)
             ... with a shard of ice
             ... on level 5 of the Dungeon.
             The game lasted 00:01:25 (3415 turns).

qw the Chopper (Gargoyle Fighter)                   Turns: 3415, Time: 00:01:25

Health: -2/44      AC: 19    Str: 22    XL:     7   Next: 97%
Magic:  7/7        EV:  7    Int:  8    God:
Gold:   229        SH:  9    Dex:  9    Spells: 6/6 levels left

rFire   + . .      SeeInvis .    Y - +2 war axe
rCold   . . .      Faith    .    c - +0 buckler
rNeg    + . .      Spirit   .    j - +0 chain mail
rPois   inf        Reflect  +    (no helmet)
rElec   +          Harm     .    b - +0 cloak of Plasticity {rF+ Will+}
rCorr   .          Rampage  .    a - +0 pair of gloves
Will    +....                    f - +2 pair of boots
Stlth   ..........               i - amulet of reflection
HPRegen 0.14/turn                (no ring)
MPRegen 0.10/turn                (no ring)

@: no status effects
A: sickness immunity, AC +4, negative energy resistance 1, electricity
resistance, torment resistance 1, petrification resistance
a: no special abilities


You were on level 5 of the Dungeon.
You visited 1 branch of the dungeon, and saw 5 of its levels.

You collected 229 gold pieces.


Innate Abilities, Weirdness & Mutations

You are immune to sickness and miasma.
Your stone body is resilient. (AC +4)
You are immune to poison.
You resist negative energy. (rN+)
You are resistant to electric shocks. (rElec)
You are resistant to unholy torment.
You are immune to petrification.


   Skills:
 - Level 5.1 Fighting
 - Level 7.0 Axes
 + Level 3.2 Armour
 - Level 1.8 Dodging
 - Level 3.2 Shields


You had 6 spell levels left.
You didn't know any spells.
Your spell library was empty.

Inventory:

Hand Weapons
 k - a +0 flail
 Y - a +2 war axe (weapon)
Armour
 a - a +0 pair of gloves (worn)
 b - the +0 cloak of Plasticity (worn) {rF+ Will+}
   (You acquired it on level 3 of the Dungeon)

   rF:        It protects you from fire.
   Will:      It increases your willpower.
 c - a +0 buckler (worn)
 e - a +0 helmet
 f - a +2 pair of boots (worn)
 j - a +0 chain mail (worn)
Jewellery
 i - an amulet of reflection (around neck)
Scrolls
 g - 4 scrolls of identify
 h - a scroll of summoning {unknown}
 l - 2 scrolls of teleportation
 n - a scroll of immolation {unknown}
Potions
 d - 3 potions of might
 m - a potion of heal wounds
 o - a potion of lignification {unknown}

Dungeon Overview and Level Annotations

Branches:
Dungeon (5/15)
 Temple: D:4-7

Altars:
Ashenzari
Dithmenos
Zin

Shops:
D:1 (   D:2 =

Annotations:
D:5 Dowan


Message History

You closely miss something. You slash the gnoll! You closely miss something.
You block the gnoll's attack. The gnoll hits you but does no damage.
You hear some strange, mumbled words.
A magic dart appears from out of thin air!
The magic dart hits you but does no damage.
Something hits you but does no damage.
You hit the gnoll but do no damage.
The gnoll is severely wounded.
You barely miss the gnoll. You closely miss something. x2
The gnoll hits you but does no damage. x2
Something hits you but does no damage. x2
You slash the gnoll!
You kill the gnoll!
You closely miss something. You hit something. You barely miss the gnoll.
Something hits you but does no damage. The gnoll hits you but does no damage.
Something hits you. Dowan hits you but does no damage.
You barely miss the gnoll.
The gnoll is lightly wounded.
You hit something but do no damage. You slash Dowan!
You hit something but do no damage. Something hits you but does no damage.
You block the gnoll's attack. You block something's attack.
Dowan barely misses you.
Something hits you but does no damage. x2; The gnoll hits you with a +0 club.
You closely miss Dowan.
Dowan is moderately wounded.
You hit the gnoll but do no damage. You hit something but do no damage.
You slash something!
Reactivating autopickup.
You feel a bit more experienced. Dowan hits you but does no damage.
You block Dowan's attack. The gnoll hits you with a +0 club.
Something hits you but does no damage.
Deactivating autopickup; reactivate with Ctrl-A.
Your Fighting skill increases to level 5!
You closely miss Dowan.
Dowan is moderately wounded.
You barely miss the gnoll. You miss something.
Dowan hits you but does no damage.
Dowan points at you and mumbles some strange words.
The shard of ice hits you!
You die...

#.# .########.#
.o......#.#
.######.#.#
#..######.#.#########
..oo...............#
..#.#####)##.#####.##
......)))....# #.#
....##g@#.##.#####.#
......{e#.##.#.....#
..........##.#.#####
#...#..#####.#.#
.......#####.#.#
#..............###
.................#
>.............#)#
..........#.#


You could see Dowan (fast) and a gnoll.

Vanquished Creatures
  Duvessa (D:5)
  A black bear (D:4)
  An ogre (D:5)
  2 phantoms
  A necrophage (D:3)
  A scorpion (D:4)
  A howler monkey (D:4)
  An iguana (D:4)
  4 orc wizards (D:5)
  A gnoll (D:5)
  4 adders
  3 dart slugs
  11 orcs
  4 bats
  5 endoplasms
  10 giant cockroaches
  8 goblins
  5 hobgoblins
  5 jackals
  2 kobolds
  3 quokkas
  7 ball pythons
  A frilled lizard (D:1)
  3 rats
85 creatures vanquished.

Vanquished Creatures (others)
  3 plants (D:3)
3 creatures vanquished.

Grand Total: 88 creatures vanquished

Notes
Turn   | Place    | Note
-------+----------+-------------------------------------------
     0 | D:1      | qw the Gargoyle Fighter began the quest for the Orb.
     0 | D:1      | Reached XP level 1. HP: 14/14 MP: 1/1
     0 | D:1      | 0 ||| qw: Version: 0.2-a-12-gaebbb33
     0 | D:1      | 0 ||| qw: Game counter: 1228
     0 | D:1      | 0 ||| qw: Always use a shield: true
     0 | D:1      | 0 ||| qw: God list: Okawaru
     0 | D:1      | 0 ||| qw: Allow faded altars: false
     0 | D:1      | 0 ||| qw: Do Orc after D:15 true
     0 | D:1      | 0 ||| qw: Do second Lair branch before Depths: true
     0 | D:1      | 0 ||| qw: Lair rune preference: random
     0 | D:1      | 0 ||| qw: Plans: Normal, Zot:1-4, God:TSO, Crypt, Tomb,
                  | Pan, Slime:5, Hells, Abyss, Orb
     0 | D:1      | 0 ||| PLANNING D:1-11
    19 | D:1      | 19 ||| Stepping ~*~*~tactically~*~*~ (stealth).
    28 | D:1      | Reached skill level 2 in Axes
   220 | D:1      | Reached XP level 2. HP: 15/19 MP: 2/2
   334 | D:1      | 334 ||| Stepping ~*~*~tactically~*~*~ (hiding).
   366 | D:1      | Found Xigoarua's Antique Weapon Emporium.
   374 | D:1      | 374 ||| READING scroll labelled JIEVVE DUMI.
   581 | D:1      | 581 ||| Stepping ~*~*~tactically~*~*~ (stealth).
   605 | D:1      | 605 ||| Stepping ~*~*~tactically~*~*~ (hiding).
   613 | D:1      | Reached skill level 3 in Axes
   617 | D:1      | Reached XP level 3. HP: 22/23 MP: 3/3
   897 | D:1      | 897 ||| UPGRADING to +0 pair of gloves.
   902 | D:1      | 902 ||| UPGRADING to +2 pair of boots.
   907 | D:1      | 907 ||| READING scroll labelled BUURE IP VIEH.
   936 | D:2      | Found Hiff's Jewellery Shoppe.
   993 | D:2      | 993 ||| SHOPLISTING ring "Cobreig" {Wiz rF+} (484 gold,
                  | have 37).
   993 | D:2      | 993 ||| SHOPLISTING ring of Yredelemnul's Grace {AC+4
                  | Str+4} (565 gold, have 37).
   993 | D:2      | 993 ||| SHOPLISTING ring of fire (275 gold, have 37).
   993 | D:2      | 993 ||| SHOPLISTING ring of willpower (275 gold, have 37).
  1349 | D:2      | 1349 ||| READING scroll labelled WULIECZ WYIMOW.
  1350 | D:2      | 1350 ||| READING scroll labelled CAGRUCS UDEVEY.
  1351 | D:2      | 1351 ||| READING scroll labelled KEOT XET TUICH.
  1356 | D:2      | 1356 ||| READING 2 scrolls labelled HIGHEM HEGO.
  1357 | D:2      | 1357 ||| READING scroll of enchant weapon.
  1357 | D:2      | 1357 ||| ENCHANTING +1 war axe.
  1358 | D:2      | 1358 ||| DRINKING 2 orange potions.
  1359 | D:2      | 1359 ||| DROPPING potion of degeneration.
  1446 | D:3      | Noticed a necrophage
  1464 | D:3      | Killed a necrophage
  1465 | D:3      | Reached skill level 4 in Axes
  1465 | D:3      | Reached XP level 4. HP: 13/28 MP: 4/4
  1465 | D:3      | Reached XP level 5. HP: 15/32 MP: 5/5
  2012 | D:3      | 2012 ||| DROPPING +0 club.
  2149 | D:3      | Found a faded altar of an unknown god.
  2201 | D:3      | Reached skill level 5 in Axes
  2307 | D:3      | 2307 ||| UPGRADING to +0 chain mail.
  2317 | D:3      | 2317 ||| DROPPING +0 scale mail.
  2318 | D:3      | 2318 ||| UPGRADING to amulet of reflection.
  2323 | D:3      | 2323 ||| READING scroll labelled PIDEAH MEOR.
  2324 | D:3      | 2324 ||| READING scroll labelled MERUCE KOAN ZYZ.
  2324 | D:3      | Identified a scroll of acquirement
  2324 | D:3      | 2324 ||| ACQUIRING +0 cloak of Plasticity {rF+ Will+}
  2324 | D:3      | Acquired the +0 cloak of Plasticity {rF+ Will+}
  2326 | D:3      | 2326 ||| UPGRADING to +0 cloak of Plasticity {rF+ Will+}.
  2331 | D:3      | 2331 ||| READING 6 scrolls of identify.
  2331 | D:3      | 2331 ||| IDENTIFYING lumpy clear potion
  2332 | D:3      | 2332 ||| READING 5 scrolls of identify.
  2332 | D:3      | 2332 ||| IDENTIFYING smoky emerald potion
  2333 | D:3      | 2333 ||| DROPPING potion of brilliance.
  2477 | D:4      | 2477 ||| Stepping ~*~*~tactically~*~*~ (stealth).
  2522 | D:4      | Noticed a phantom
  2523 | D:4      | 2523 ||| Stepping ~*~*~tactically~*~*~ (stealth).
  2549 | D:4      | Killed a phantom
  2550 | D:4      | Reached XP level 6. HP: 27/38 MP: 6/6
  2647 | D:4      | 2647 ||| Stepping ~*~*~tactically~*~*~ (stealth).
  2650 | D:4      | 2650 ||| Stepping ~*~*~tactically~*~*~ (stealth).
  2651 | D:4      | 2651 ||| Stepping ~*~*~tactically~*~*~ (stealth).
  2655 | D:4      | 2655 ||| Stepping ~*~*~tactically~*~*~ (stealth).
  2656 | D:4      | 2656 ||| Stepping ~*~*~tactically~*~*~ (stealth).
  2684 | D:4      | Noticed a black bear
  2685 | D:4      | 2685 ||| Stepping ~*~*~tactically~*~*~ (stealth).
  2704 | D:4      | Found a broken altar of Ashenzari.
  2735 | D:4      | Killed a black bear
  2736 | D:4      | Reached skill level 6 in Axes
  2736 | D:4      | Reached XP level 7. HP: 29/43 MP: 7/7
  2835 | D:4      | 2835 ||| Stepping ~*~*~tactically~*~*~ (stealth).
  2849 | D:4      | Found a shadowy altar of Dithmenos.
  2904 | D:4      | Found a glowing silver altar of Zin.
  3037 | D:4      | 3037 ||| READING scroll labelled IMICUBB GEKHIEKK.
  3138 | D:4      | 3138 ||| READING scroll labelled LIAHIO AHYBU.
  3166 | D:5      | Entered Level 5 of the Dungeon
  3181 | D:5      | Reached skill level 1 in Dodging
  3377 | D:5      | 3377 ||| Stepping ~*~*~tactically~*~*~ (stealth).
  3385 | D:5      | 3385 ||| Stepping ~*~*~tactically~*~*~ (stealth).
  3386 | D:5      | 3386 ||| Stepping ~*~*~tactically~*~*~ (stealth).
  3389 | D:5      | 3389 ||| Stepping ~*~*~tactically~*~*~ (hiding).
  3390 | D:5      | 3390 ||| Stepping ~*~*~tactically~*~*~ (hiding).
  3391 | D:5      | Noticed Duvessa
  3394 | D:5      | Noticed Dowan
  3402 | D:5      | Reached skill level 7 in Axes
  3409 | D:5      | Killed Duvessa
  3415 | D:5      | Killed from afar by Dowan

Levels and vault maps discovered:
D:1:      minmay_arrival_five_plusses, layout_loops_ring, serial_shops,
          nicolae_shop_crystal, grunt_decor_mini_mirrors
D:2:      layout_basic, serial_shops, shop, minmay_worlds_worst_comb
D:3:      kennysheep_six_static_rooms, layout_rooms,
          chequers_ecumenical_altar_simple_redux, serial_bayou_pond_c,
          patterned_corridor
D:4:      layout_rooms, lemuel_round_altar, zin_statuary,
          mainiacjoe_overflow_small_starburst, minmay_misc_feat_tiny
D:5:      layout_basic, minmay_pentangle, uniq_duvessa, uniq_eustachio,
          uniq_sigmund

Skill      XL: |  1  2  3  4  5  6  7 |
---------------+----------------------+-----
Axes           | 2 3 4 5 6 7 |  7.0
Fighting       | 4 5 |  5.1
Dodging        | 1 |  1.8
Armour         | |  3.2
Shields        | |  3.2

Action                   |  1- 3 |  4- 6 |  7- 9 || total
-------------------------+-------+-------+-------++-------
Melee: War axe           |    98 |   123 |    43 ||   264
  Use: Scroll            |     7 |     4 |     2 ||    13
       Potion            |     1 |       |       ||     1
Armor: Scale mail        |    54 |    28 |       ||    82
       Chain mail        |       |    38 |    67 ||   105
Dodge: Dodged            |    30 |    49 |    12 ||    91
Block: Buckler           |    10 |    42 |    19 ||    71

Table legend:
 A = Non-vault XP
 B = Vault XP
 C = Vault XP percentage of total XP
 D = Non-vault monster count
 E = Vault monster count
 F = Vault count percentage of total count
                 A         B        C        D         E       F
            +---------+---------+-------+---------+---------+-------
      Total |     933 |     253 |  21.3 |      74 |      11 |  12.9
            +---------+---------+-------+---------+---------+-------
        D:1 |      38 |       0 |   0.0 |      20 |       0 |   0.0
        D:2 |      29 |       8 |  21.6 |      11 |       4 |  26.7
        D:3 |      44 |     110 |  71.4 |      15 |       6 |  28.6
        D:4 |     434 |       0 |   0.0 |      16 |       0 |   0.0
        D:5 |     388 |     135 |  25.8 |      12 |       1 |   7.7
            +---------+---------+-------+---------+---------+-------
